Map: Dusk Towers

Players

llllllllllll (Dolan) - Winner!

  • Race: Terran Terran
  • League: Master

Miszu

  • Race: Terran Terran
  • League: Master

VOD

Have the link to the VOD?

Description

Time

  • Played on: April 25, 2016, 1:41 p.m.
  • Length: 15:37
Show
View Real Time Build Order
Export as new Build Order

llllllllllll Terran - Winner!

Build Orders: Reaper Expand, Bio Tank 

Get SALT Encoding   

  12  0:01  SCV  
  13  0:13  SCV  
  14  0:17  Supply Depot  
  14  0:25  SCV  
  15  0:39  SCV  
  15  0:40  Barracks  
  16  0:43  Refinery  
  16  0:51  SCV  
  17  1:03  SCV  
  18  1:15  SCV  
  19  1:27  Reaper, Orbital Command  
  20  1:39  Command Center  
  20  1:47  Supply Depot  
  20  1:53  SCV  
  21  1:59  Marine  
  22  2:05  SCV  
  23  2:10  Factory  
  23  2:13  Refinery  
  23  2:17  SCV  
  23  2:20  Barracks Reactor  
  24  2:29  SCV  
  25  2:41  SCV  
  26  2:58  Starport  
  26  2:59  Marine x2, Hellion  
  26  3:00  Orbital Command  
  26  3:01  SCV  
  31  3:13  SCV  
  31  3:16  Marine x2  
  34  3:22  Factory Tech Lab  
  34  3:25  SCV  
  35  3:31  SCV  
  36  3:37  SCV  
  36  3:38  Marine x2  
  36  3:39  Viking  
  40  3:43  Engineering Bay, SCV  
  40  3:44  Supply Depot  
  40  3:46  Siege Tank  
  44  3:49  SCV  
  44  3:50  Supply Depot  
  45  3:56  Marine  
  46  4:05  Marine  
  46  4:06  SCV x2  
  46  4:08  Supply Depot  
  49  4:10  Missile Turret  
  49  4:14  Missile Turret  
  49  4:17  Medivac  
  51  4:26  Siege Tank  
  51  4:27  Marine x2  
  57  4:31  SCV x2  
  58  4:43  Terran Infantry Weapons Level 1  
  58  4:44  SCV x2  
  60  4:51  Barracks  
  60  4:53  Marine x2, Barracks  
  60  4:59  Siege Tank  
  65  5:00  SCV x2  
  65  5:04  Supply Depot  
  67  5:08  Viking  
  67  5:11  Marine  
  70  5:23  Supply Depot  
  70  5:25  Refinery, Marine, SCV x2  
  70  5:27  Supply Depot  
  73  5:29  Marine  
  73  5:31  Siege Tank  
  77  5:37  SCV  
  77  5:40  Barracks Tech Lab x2  
  78  5:44  Marine  
  78  5:45  SCV  
  78  5:48  Marine  
  78  5:49  SCV  
  82  5:52  Supply Depot  
  81  5:57  SCV  
  81  6:02  Marine  
  63  6:08  Marine x3  
  63  6:09  Stimpack  
  51  6:20  Marine  
  52  6:26  Marine x3  
  52  6:27  Starport Reactor, Siege Tank  
  58  6:38  Marine  
  59  6:44  Marine x3  
  62  6:51  SCV  
  62  6:52  Orbital Command  
  63  6:56  Marine  
  64  7:03  SCV  
  62  7:15  SCV  
  63  7:19  Marine x4  
  63  7:21  Siege Tank, Combat Shields  
  70  7:25  Terran Infantry Armor Level 1  
  70  7:30  SCV x2  
  70  7:34  Supply Depot  
  72  7:45  Marine x2  
  72  7:46  Marine x2  
  72  7:47  Medivac  
  78  7:55  SCV  
  78  7:56  SCV  
  80  8:04  Marine x4  
  84  8:13  SCV x2  
  84  8:16  Supply Depot  
  84  8:19  Supply Depot  
  86  8:37  Marine, Medivac, Siege Tank, SCV x2  
  86  8:38  Marine  
  86  8:40  Marine x2  
  96  8:55  Marine  
  76  8:56  Marine  
  76  8:58  Marine  
  76  9:01  Medivac  
  72  9:03  SCV x2  
  72  9:07  Command Center  
  72  9:09  Engineering Bay, Siege Tank  
  75  9:12  Armory  
  75  9:13  Marine x2  
  75  9:14  Marine  
  75  9:15  SCV x2  
  75  9:16  Marine  
  81  9:22  Medivac  
  83  9:27  SCV x2  
  83  9:30  Marine  
  83  9:31  Marine  
  87  9:32  Barracks  
  87  9:34  Barracks  
  87  9:35  Refinery  
  87  9:39  SCV  
  87  9:41  Siege Tank  
  91  9:47  Marine x2  
  91  9:48  Marine x2  
  95  9:54  Medivac  
  95  9:55  Medivac  
  99  10:05  Marine x2  
  99  10:06  Marine  
  102  10:18  Marine  
  102  10:19  Siege Tank  
  106  10:22  Marine, SCV  
  106  10:23  Marine, SCV  
  106  10:24  Marine, Medivac  
  113  10:34  Factory  
  113  10:36  Marine  
  113  10:40  Marine x2  
  113  10:42  Supply Depot x2, Marine  
  117  10:44  Refinery  
  117  10:46  Orbital Command  
  117  10:57  Terran Infantry Weapons Level 2  
  117  10:59  Terran Infantry Armor Level 2  
  117  11:03  Marine, SCV x2  
  117  11:04  Marine  
  121  11:05  Barracks Reactor  
  121  11:07  Barracks Reactor  
  111  11:27  Marine x2  
  111  11:28  Marine x2  
  89  11:45  Marine x2  
  89  11:46  Marine x5  
  82  11:56  Siege Tank  
  82  11:57  Medivac x2  
  82  11:58  Factory Tech Lab  
  88  12:03  Marine x4  
  88  12:04  Marine x3  
  88  12:06  Terran Vehicle Weapons Level 1  
  93  12:09  Factory, Barracks Reactor  
  93  12:19  Siege Tank  
  93  12:21  Marine x5  
  101  12:25  Command Center  
  101  12:27  SCV x3  
  104  12:34  Marine x2  
  106  12:39  Marine x4  
  106  12:40  Marine  
  106  12:41  Siege Tank  
  114  12:55  Factory Tech Lab  
  114  12:56  Refinery  
  114  12:57  Barracks  
  114  12:59  Marine x2  
  114  13:00  Siege Tank  
  114  13:01  SCV x2  
  121  13:06  Supply Depot x2  
  121  13:09  Medivac  
  121  13:10  Medivac  
  125  13:13  Siege Tank  
  125  13:16  Siege Tank  
  125  13:19  Marine x2  
  133  13:27  Marine x3  
  133  13:29  Marine x4  
  140  13:39  Medivac  
  140  13:40  Medivac  
  144  13:45  Sensor Tower  
  144  13:46  Barracks Reactor  
  144  13:47  Siege Tank  
  144  13:48  Sensor Tower  
  147  13:52  Marine x4  
  147  13:53  Marine  
  152  14:01  Marine x3  
  155  14:06  Marine  
  156  14:10  Marine x4  
  156  14:12  Planetary Fortress  
  160  14:17  Marine  
  160  14:19  Marine x2  
  138  14:36  Marine x4  
  138  14:37  Siege Tank  
  138  14:38  Siege Tank  
  148  14:46  Marine x3  
  148  14:47  Siege Tank  
  154  15:02  Refinery  
  154  15:04  Refinery  
  157  15:15  Sensor Tower  
  121  15:36  Missile Turret  
Show
View Real Time Build Order
Export as new Build Order

Miszu Terran 

Build Orders: 1/1/1, MMM Bio 

Get SALT Encoding   

  12  0:01  SCV  
  13  0:13  SCV  
  14  0:18  Supply Depot  
  14  0:25  SCV  
  14  0:27  Refinery  
  15  0:39  SCV  
  16  0:46  Barracks  
  16  0:51  SCV  
  16  0:55  Refinery  
  17  1:03  SCV  
  18  1:16  SCV  
  19  1:28  SCV  
  19  1:32  Marine  
  20  1:35  Factory  
  21  1:40  Orbital Command  
  21  1:48  Supply Depot  
  21  1:52  Marine  
  22  2:05  SCV  
  23  2:10  Marine  
  24  2:17  SCV  
  24  2:20  Starport  
  24  2:22  Hellion  
  27  2:28  Marine  
  27  2:29  SCV  
  29  2:34  Supply Depot  
  29  2:41  SCV  
  29  2:43  Factory Tech Lab  
  30  2:46  Marine  
  31  2:56  SCV  
  32  3:05  Raven  
  32  3:08  SCV  
  35  3:13  Marine  
  35  3:17  Factory Reactor  
  36  3:20  SCV  
  36  3:23  Supply Depot  
  38  3:50  SCV  
  38  3:54  Supply Depot  
  39  3:59  Medivac  
  39  4:02  Siege Tank  
  43  4:03  Command Center, SCV  
  43  4:06  Marine x2  
  46  4:19  Supply Depot  
  46  4:24  Marine x2  
  46  4:30  Medivac  
  50  4:34  Siege Tank  
  53  4:41  Marine  
  53  4:42  Marine, SCV  
  56  4:49  Barracks x2  
  56  4:54  SCV  
  57  5:06  SCV  
  58  5:11  Viking  
  58  5:13  Marine x2  
  62  5:14  Engineering Bay, Siege Tank  
  62  5:18  SCV  
  62  5:20  Orbital Command  
  66  5:30  SCV  
  66  5:34  Marine x2  
  69  5:38  Refinery  
  69  5:41  Barracks Tech Lab  
  70  5:42  SCV  
  70  5:44  Terran Infantry Weapons Level 1  
  70  5:45  Barracks Tech Lab  
  70  5:47  SCV  
  70  5:59  Marine  
  62  6:13  Marine  
  62  6:14  SCV  
  62  6:15  SCV  
  62  6:21  Marine x2  
  64  6:30  Marine  
  65  6:33  Marine  
  65  6:34  Siege Tank  
  67  6:42  Combat Shields  
  67  6:43  Marine x2, Stimpack  
  67  6:46  SCV x2  
  71  6:50  Marine  
  71  6:51  Supply Depot x2, Starport Reactor  
  72  6:58  SCV x2  
  72  6:59  Marine  
  67  7:09  Marine x3  
  67  7:12  SCV x2  
  72  7:17  Marine, Refinery  
  73  7:24  SCV x2  
  73  7:26  Supply Depot, Siege Tank  
  73  7:27  Marine x3  
  73  7:29  Medivac  
  83  7:33  Medivac  
  85  7:39  Supply Depot  
  85  7:40  Terran Infantry Armor Level 1  
  86  7:51  SCV x2  
  86  7:54  Marine  
  86  7:55  Marine x2  
  90  7:59  Medivac  
  90  8:03  Medivac, SCV  
  94  8:13  Marine x3  
  94  8:14  Siege Tank  
  94  8:16  Marine  
  101  8:21  Supply Depot  
  101  8:28  Command Center  
  101  8:31  Marine  
  102  8:34  Marine  
  102  8:38  Marine  
  94  8:56  Marine x2  
  93  9:07  SCV  
  94  9:13  Factory  
  94  9:17  Marine  
  94  9:21  Supply Depot, Marine, Medivac x2, SCV x2  
  94  9:22  Supply Depot  
  101  9:29  Marine  
  102  9:36  Barracks  
  102  9:38  Engineering Bay, Barracks  
  102  9:43  Marine x3, SCV x2  
  102  9:45  Supply Depot  
  107  9:46  Supply Depot  
  107  9:47  Marine  
  107  9:51  Medivac  
  110  9:55  SCV x2  
  111  10:00  Marine x2  
  111  10:06  Orbital Command  
  113  10:07  SCV x2  
  115  10:19  SCV x2  
  112  10:23  Factory Tech Lab  
  112  10:25  Barracks Reactor x2, Armory  
  112  10:28  Factory  
  112  10:31  SCV x2  
  112  10:34  Refinery, Sensor Tower  
  115  10:36  Sensor Tower, Marauder  
  115  10:41  Marine  
  116  10:43  SCV x2  
  116  10:46  Marine  
  116  10:48  Marine  
  120  10:54  Refinery, Siege Tank  
  120  10:55  Medivac, SCV x2  
  120  10:56  Marine  
  128  10:59  Marine  
  129  11:08  Supply Depot, SCV x2  
  129  11:10  Supply Depot  
  129  11:11  Supply Depot  
  131  11:13  Terran Infantry Weapons Level 2  
  131  11:15  Terran Vehicle Weapons Level 1  
  131  11:17  Factory Tech Lab  
  131  11:20  SCV  
  116  11:29  Marine x2, Siege Tank  
  97  11:49  Marine x5  
  97  11:50  Marine  
  97  11:51  Marine  
  97  11:52  Marine  
  99  12:07  Viking, Marine x5  
  99  12:08  Marine  
  107  12:09  Marine, Siege Tank  
  107  12:10  Marine  
  109  12:20  Supply Depot  
  109  12:22  Factory Tech Lab  
  109  12:24  Marine  
  109  12:25  Marine x4  
  109  12:27  Marine x2  
  115  12:38  Terran Infantry Armor Level 2  
  115  12:42  Marine x2, Siege Tank  
  115  12:43  Marine x3  
  122  12:45  Marine x2  
  122  12:47  Siege Tank  
  127  12:54  Medivac x2  
  131  13:00  Marine x2  
  131  13:01  Marine x3  
  131  13:02  Marine  
  131  13:03  Marine  
  138  13:14  Siege Tank  
  138  13:18  Marine x2  
  138  13:19  Siege Tank  
  146  13:20  Marine  
  146  13:22  Refinery  
  146  13:23  Sensor Tower  
  146  13:24  Medivac x2  
  146  13:25  Refinery  
  151  13:31  Orbital Command  
  151  13:34  Barracks  
  151  13:37  Barracks x2  
  151  13:39  Marine  
  151  13:40  Marine x4  
  157  13:45  SCV x2  
  157  13:46  Siege Tank  
  161  13:53  Medivac  
  161  13:54  Medivac  
  162  13:57  SCV x2  
  164  14:03  Marine  
  164  14:04  Marine x3  
  164  14:06  Marine  
  164  14:07  Marine x2  
  164  14:08  Siege Tank  
  173  14:18  Siege Tank  
  173  14:21  Marine  
  173  14:22  Marine x3  
  175  14:24  Marine  
  124  14:32  Marine  
  128  14:40  Barracks Reactor, Hellion  
  127  14:50  Siege Tank  
  127  14:51  Barracks Reactor  
  130  14:53  Marine x2  
  128  15:01  Siege Tank  
  128  15:03  SCV  
  128  15:06  Marine  
  128  15:07  Marine x5  
  133  15:11  Marine x2  
  141  15:17  Command Center  
Tags
 
Add a new tag
Caveats
  • Supply blocks, unpowered buildings, or Contaminate may cause inaccurate times.
  • Supply counts are checked every 10 seconds.